 Dungeon Crawl Stone Soup version 0.30-a0-476-g330ca2eb8e (webtiles) character file.

Game seed: 16631570097050931946

5 drugrobin the Sneak (level 1, -1/18 HPs)
             Began as a Demigod Delver on Dec 21, 2022.
             Killed from afar by an orc wizard (9 damage)
             ... with a magic dart
             ... on level 5 of the Dungeon.
             The game lasted 00:01:20 (221 turns).

drugrobin the Sneak (Demigod Delver)                 Turns: 221, Time: 00:01:21

Health: -1/18      AC:  3    Str: 13    XL:     1   Next: 53%
Magic:  3/3        EV: 11    Int: 12    God:
Gold:   37         SH:  0    Dex: 15    Spells: 0/0 levels left

rFire   . . .      SeeInvis .    a - +0 spear
rCold   . . .      Faith    .    (no shield)
rNeg    . . .      Spirit   .    b - +0 leather armour
rPois   +          Reflect  .    (no helmet)
rElec   .          Harm     .    (no cloak)
rCorr   .          Rampage  .    (no gloves)
Will    .....                    (no boots)
Stlth   +++.......               (no amulet)
HPRegen 0.23/turn                e - ring of poison resistance
MPRegen 0.08/turn                (no ring)

@: hasted, very quick
A: high MP 1, forlorn, divine attributes
a: no special abilities


You were on level 5 of the Dungeon.
You visited 1 branch of the dungeon, and saw 1 of its levels.

You collected 37 gold pieces.

Inventory:

Hand Weapons
 a - a +0 spear (weapon)
Armour
 b - a +0 leather armour (worn)
 h - a +0 chain mail
Jewellery
 e - a ring of poison resistance (left hand)
 f - an amulet of reflection
Wands
 g - a wand of digging (3)
Scrolls
 c - a scroll of fog
 d - a scroll of magic mapping
Potions
 i - a potion of lignification {unknown}


   Skills:
 - Level 2.6 Fighting
 + Level 2.2 Polearms
 - Level 1.7 Dodging
 - Level 4.5 Stealth


You couldn't memorise any spells.
You didn't know any spells.
Your spell library contained the following spells:

 Spells                   Type           Power      Damage    Failure   Level
 Apportation              Tloc           0%         N/A       38%         1
 Necrotise                Necr           0%         1d4       38%         1
 Summon Small Mammal      Summ           0%         N/A       38%         1
 Animate Dead             Necr           0%         N/A       99%         4
 Borgnjor's Vile Clutch   Necr/Erth      0%         N/A       100%        5
 Death Channel            Necr           0%         N/A       100%        6


Dungeon Overview and Level Annotations

Branches:
Dungeon (5/15)
 Temple: D:4-7


Innate Abilities, Weirdness & Mutations

You have an increased reservoir of magic. (+10% MP)
You shall have no god before yourself.
Your divine heritage dramatically boosts your attributes as you level up.


Message History

Found a book of Cantrips and a scale mail.
You pick up a book of Cantrips and begin reading...
You add the spells Necrotise, Summon Small Mammal and Apportation to your library.
Okay, then.
You now have 37 gold pieces (gained 21).
Okay, then.
There is a stone staircase leading down here.
An iguana comes into view.
Unknown command.
Unknown command.
Found a dented platinum amulet.
An ice beast comes into view.
Unknown command.
Unknown command.
Unknown command.
You feel yourself speed up.
Unknown command.
Unknown command.
The ice beast closely misses you.
You see here an amulet of reflection.
f - an amulet of reflection The ice beast barely misses you.
The ice beast hits you. The ice beast freezes you!
Ouch! That really hurt!
Unknown command.
Unknown command.
An orc comes into view. It is wielding a +0 short sword.
Found a club.
Unknown command.
An orc wizard comes into view. It is wielding a +0 dagger.
Found a stone staircase leading down.
Unknown command.
An orc priest comes into view. It is wielding a +0 dagger.
The orc wizard shouts!
The orc priest shouts!
You hear a shout! x2
An orc comes into view. It is wielding a +0 hand axe.
The orc shouts!
The orc wizard gestures at you while chanting.
The magic dart hits you!
Ouch! That really hurt!
You die...

.............................
........................#....
...................###.#....
##......l.........## . #.#..
####.....Y......## ...(..
#.....Y.......# .......
#.............. .##....
#.............. #....
#.o.....@....... #....
..............###
...........)......
...............#..
.....o.....>...# .
......o.......#
...o.#........ #...##........


You could see 2 ice beasts, an iguana (wandering), an orc priest, an orc wizard
and 2 orcs.

Vanquished Creatures
  An ufetubus (D:5)
1 creature vanquished.

Notes
Turn   | Place    | Note
-------+----------+-------------------------------------------
     0 | D:5      | drugrobin the Demigod Delver began the quest for the Orb.
     0 | D:5      | Reached XP level 1. HP: 18/18 MP: 3/3
    46 | D:5      | Noticed an ice beast
   143 | D:5      | Noticed an iguana
   193 | D:5      | Noticed an iguana
   206 | D:5      | Noticed an ice beast
   218 | D:5      | Noticed an orc wizard
   220 | D:5      | Noticed an orc priest
   221 | D:5      | Killed from afar by an orc wizard

Illustrated notes

Levels and vault maps discovered:
D:5:      layout_cave_pools

Skill      XL: |  1 |
---------------+----+-----
Polearms       | 2 |  2.2
Fighting       | |  2.6
Dodging        | |  1.7
Stealth        | |  4.5

Action                   || total
-------------------------++-------
Melee: Spear             ||    14
       Punch             ||     1
  Use: Scroll            ||     1
       Potion            ||     1
Armor: Leather armour    ||     3
Dodge: Dodged            ||    29

Table legend: (Time is in decaauts)
 A = Elapsed time spent in this place.
 B = Non-inter-level travel time spent in this place.
 C = Inter-level travel time spent in this place.
 D = Time resting spent in this place.
 E = Time spent auto-exploring this place.
 F = Levels seen in this place.
 G = Mean time per level.
                   A        B        C        D        E       F      G
               +--------+--------+--------+--------+--------+-----+--------+
         Total |    217 |    217 |      0 |     35 |     34 |   1 |  217.0 |
       Dungeon |    217 |    217 |      0 |     35 |     34 |   1 |  217.0 |
               +--------+--------+--------+--------+--------+-----+--------+

Top non-repeatable levels by time:
     D:5: 217 daAuts
